 Dungeon Crawl Stone Soup version 0.31.0-1-g2c135a008e (webtiles) character file.

Game seed: 7669816328969040872

24 qw the Shooter (level 3, -4/28 HPs)
             Began as a Djinni Hunter on Jan 24, 2024.
             Frozen to death by an endoplasm (7 damage)
             ... on level 1 of the Dungeon.
             The game lasted 00:00:00 (276 turns).

qw the Shooter (Djinni Hunter)                       Turns: 276, Time: 00:00:01

Health: -4/28      AC:  3    Str: 10    XL:     3   Next: 15%
Gold:   8          EV: 12    Int: 10    God:
                   SH:  0    Dex: 18

rFire   + + .        a - +0 shortbow
rCold   x . .        (shield currently unavailable)
rNeg    . . .        c - +0 leather armour
rPois   inf          (no helmet)
rElec   .            (no cloak)
rCorr   .            (no gloves)
SInv    .            (boots unavailable)
Will    .....        (no amulet)
Stlth   ++           (no ring)
HPRegen 0.24/turn    (no ring)
MPRegen 0.00/turn

%: infuse magic (-5 HP)
@: flying
A: sickness immunity, fire resistance 2, cold vulnerability 1, float, innate
caster, HP casting, extra vitality 1
a: no special abilities


You were on level 1 of the Dungeon.
You visited 1 branch of the dungeon, and saw 1 of its levels.

You collected 8 gold pieces.


Innate Abilities, Weirdness & Mutations

You are immune to sickness and miasma.
You are immune to poison.
Your flesh is very heat resistant. (rF++)
You are vulnerable to cold. (rC-)
You float through the air rather than walking.
You learn spells naturally, not from books.
Your magical power is your life essence.
You have superior vitality. (+4 MHP)


   Skills:
 + Level 2.0 Fighting
 - Level 4.0 Ranged Weapons
 - Level 2.1 Dodging
 - Level 0.7 Stealth


You knew the following spells:

 Your Spells              Type           Power      Damage    Failure   Level
a - Freeze                Ice            0%         1d3       45%         1
Your spell library was empty.

Inventory:

Hand Weapons
 a - a +0 shortbow (weapon)
Armour
 c - a +0 leather armour (worn)
Scrolls
 b - a scroll of butterflies
 d - a scroll of revelation {unknown}
 e - a scroll of vulnerability {unknown}
 f - a scroll of identify {unknown}

Dungeon Overview and Level Annotations

Branches:
Dungeon (1/15)

Altars:


Message History

A goblin comes into view. It is wielding a +0 dagger.
You shoot an arrow. The arrow barely misses the gnoll.
The goblin shouts!
You shoot an arrow. The arrow hits the goblin!
You kill the goblin!
You shoot an arrow. The arrow completely misses the gnoll.
The gnoll hits you with a +0 club.
An endoplasm comes into view.
You shoot an arrow. The arrow closely misses the gnoll.
The endoplasm quivers.
The gnoll misses you.
A kobold comes into view. It is wielding a +0 dagger.
The gnoll closely misses you.
You shoot an arrow. The kobold shouts!
The arrow hits the gnoll.
The gnoll is almost dead.
The gnoll hits you with a +0 club. The goblin completely misses you.
You shoot an arrow. The arrow barely misses the gnoll.
The gnoll hits you with a +0 club. The goblin hits you with a +0 dagger.
You shoot an arrow. The arrow closely misses the gnoll.
The gnoll barely misses you. The goblin hits you with a +0 dagger.
You shoot an arrow. The arrow hits the gnoll.
You kill the gnoll!
The goblin completely misses you. The goblin hits you with a +0 dagger.
A hobgoblin comes into view.
The endoplasm hits you.
Your Ranged Weapons skill increases to level 4!
You have reached level 3!
Your experience leads to an increase in your attributes!
Increase (S)trength, (I)ntelligence, or (D)exterity?
You feel agile. x2
The power to cast Freeze wells up from within.
Spell assigned to 'a'.
You shoot an arrow. The arrow barely misses the kobold.
The hobgoblin shouts!
The goblin hits you with a +0 dagger. The kobold hits you with a +0 dagger.
The endoplasm freezes you.
You are frozen!
You feel a terrible chill!
You die...

#.# .. #.# #. #.# #. #.#
#. #.# #. #.# ### #. #.#
.....#J######### #.#
......g@>......# #.#
###...K#######)#######.#
#.).... #.........#
.g..... ###########
#...... ###...# #...
##.#


You could see an endoplasm, a hobgoblin, a goblin and a kobold.

Vanquished Creatures
  A gnoll (D:1)
  A dart slug (D:1)
  An endoplasm (D:1)
  2 goblins (D:1)
  A hobgoblin (D:1)
  A ball python (D:1)
  3 bats (D:1)
  A frilled lizard (D:1)
  2 kobolds (D:1)
  2 rats (D:1)
15 creatures vanquished.

Notes
Turn   | Place    | Note
-------+----------+-------------------------------------------
     0 | D:1      | qw the Djinni Hunter began the quest for the Orb.
     0 | D:1      | Reached XP level 1. HP: 18/18 MP: 0/0
     0 | D:1      | 0 ||| qw: Version: 0.3-a-136-gdd3b4e8
     0 | D:1      | 0 ||| qw: Game counter: 1218
     0 | D:1      | 0 ||| qw: Melee chars always use a shield: true
     0 | D:1      | 0 ||| qw: God list: Okawaru
     0 | D:1      | 0 ||| qw: Allow faded altars: false
     0 | D:1      | 0 ||| qw: Do Orc after clearing Dungeon:15 true
     0 | D:1      | 0 ||| qw: Do second Lair branch before Depths: true
     0 | D:1      | 0 ||| qw: Lair rune preference: random
     0 | D:1      | 0 ||| qw: Goals: Normal
     0 | D:1      | 0 ||| PLANNING D:1-11
   126 | D:1      | Reached XP level 2. HP: 21/23 MP: 0/0
   276 | D:1      | Reached skill level 4 in Ranged Weapons
   276 | D:1      | Reached XP level 3. HP: 8/28 MP: 0/0
   276 | D:1      | Learned a level 1 spell: Freeze
   276 | D:1      | HP: 5/28 [goblin/+0 dagger (3)]
   276 | D:1      | Frozen to death by an endoplasm

Levels and vault maps discovered:
D:1:      dpeg_arrival_prison, layout_loops_ring, minmay_misc_feat_plants

Skill      XL: |  1  2 |
---------------+-------+-----
Ranged Weapons | 4 |  4.0
Fighting       | |  2.0
Dodging        | |  2.1
Stealth        | |  0.7

Action                     || total
---------------------------++-------
   Fire: Shortbow          ||    33
 Armour: Leather armour    ||    11
  Dodge: Dodged            ||     8

Table legend:
 A = Non-vault XP
 B = Vault XP
 C = Vault XP percentage of total XP
 D = Non-vault monster count
 E = Vault monster count
 F = Vault count percentage of total count
                 A         B        C        D         E       F
            +---------+---------+-------+---------+---------+-------
      Total |      33 |       2 |   5.7 |      13 |       2 |  13.3
            +---------+---------+-------+---------+---------+-------
        D:1 |      33 |       2 |   5.7 |      13 |       2 |  13.3
            +---------+---------+-------+---------+---------+-------
